[Event "Titled Tuesday Blitz March 01 Late 2022"]
[White "Christie, Joshua"]
[Black "Makarian, Rudik"]
[WhiteFideId "7402074"]
[BlackFideId "44105681"]
[WhiteElo "2078"]
[BlackElo "2486"]
[Result "1-0"]
[Round "03"]
[TimeControl "180+1"]
[Date "2022.03.01"]
[WhiteClock "0:00:20"]
[BlackClock "0:00:03"]

1. c4 Nf6 2. Nc3 e6 3. d4 d5 4. cxd5 exd5 5. Bg5 c6 6. e3 h6 7. Bh4 Bd6 8. Qc2 O-O 9. Bd3 Re8 10. Nge2 Be6 11. h3 Nbd7 12. O-O a5 13. f3 c5 14. Rae1 c4 15. Bf5 Bb4 16. Bxe6 Rxe6 17. e4 Qb6 18. Bf2 Qc6 19. e5 Nh7 20. f4 g6 21. f5 gxf5 22. Nf4 Bxc3 23. bxc3 Ndf8 24. Qxf5 Rg6 25. Nxg6 fxg6 26. Qf4 g5 27. Qf5 Qe6 28. Qxe6+ Nxe6 29. Rb1 Rb8 30. Rb6 Nf4 31. Re1 Nf8 32. Be3 Nd3 33. Reb1 Re8 34. Rxh6 Re7 35. Rhb6 Ne6 36. Rxb7 Nc7 37. R1b6 Kf7 38. Rc6 Ne6 39. Rxe7+ Kxe7 40. Ra6 Nb2 41. Ra7+ Ke8 42. Rxa5 Nd1 43. Bd2 Nf4 44. Rxd5 Nxd5 45. Kf1 N1xc3 46. Bxg5 Nb5 47. h4 Nxd4 48. h5 Kf7 49. h6 Kg6 50. Bc1 c3 51. a4 Nb4 52. a5 Nd3 53. Be3 c2 54. a6 Nc6 55. Ke2 c1=Q 56. Bxc1 Nxc1+ 57. Ke3 Kxh6 58. Ke4 Nb3 59. Kd5 Ne7+ 60. Ke6 Nc8 61. Kd7 Nb6+ 62. Kc6 Nc8 63. Kc7 Nc5 64. Kxc8 Nxa6 65. e6 Nb4 66. e7 Nd5 67. e8=Q Nb6+ 68. Kb7 Nc4 69. Qf8+ Kg6 70. Qc5 Nd2 71. Qe3 Nc4 72. Qe4+ 1-0


[Site "https://www.chess.com"]

[Event "Titled Tuesday Blitz March 01 Late 2022"]
[White "Corrales Jimenez, Fidel"]
[Black "Goltsev, Dmitry"]
[WhiteFideId "3506690"]
[BlackFideId "24176710"]
[WhiteElo "2541"]
[BlackElo "2273"]
[Result "1-0"]
[Round "03"]
[TimeControl "180+1"]
[Date "2022.03.01"]
[WhiteClock "0:01:13"]
[BlackClock "0:00:39"]

1. e4 e6 2. d4 d5 3. e5 c5 4. c3 Nc6 5. Nf3 Nge7 6. Bd3 Nf5 7. Bxf5 exf5 8. dxc5 Bxc5 9. O-O a5 10. Na3 h6 11. Nb5 Be6 12. Qe2 Qb6 13. a4 O-O 14. Rd1 Rad8 15. h4 Rfe8 16. Nfd4 Bc8 17. Bf4 f6 18. e6 Re7 19. Nxf5 Rxe6 20. Qg4 Bxf2+ 21. Kf1 g5 22. hxg5 fxg5 23. Nxh6+ Rxh6 24. Qxg5+ Kf7 25. Qxh6 Bg4 26. Qh7+ Kf6 27. Qh6+ Kf7 28. Bg5 Ne5 29. Qxb6 Bxb6 30. Bxd8 Bxd8 31. Rxd5 Nc6 32. Rxd8 1-0


[Site "https://www.chess.com"]

[Event "Titled Tuesday Blitz March 01 Late 2022"]
[White "Csonka, Balazs"]
[Black "Koutlas, Nikolaos"]
[WhiteFideId "742910"]
[BlackFideId "25827138"]
[WhiteElo "2404"]
[BlackElo "1610"]
[Result "0-1"]
[Round "03"]
[TimeControl "180+1"]
[Date "2022.03.02"]
[WhiteClock "0:00:17"]
[BlackClock "0:00:10"]

1. d4 Nf6 2. Nf3 c5 3. d5 e6 4. Nc3 exd5 5. Nxd5 Nxd5 6. Qxd5 Nc6 7. e4 Be7 8. Bc4 O-O 9. O-O d6 10. c3 Na5 11. Be2 Be6 12. Qd3 Re8 13. Rd1 Qb6 14. Qc2 Rad8 15. Ng5 Bxg5 16. Bxg5 f6 17. Be3 Nc4 18. Bc1 Ne5 19. c4 Rf8 20. Be3 f5 21. exf5 Bxf5 22. Qc3 Qc6 23. f3 Rde8 24. Rd2 Re6 25. Rad1 Rfe8 26. Bf4 Ng6 27. Rxd6 Nxf4 28. Rxc6 Nxe2+ 29. Kf1 Nxc3 30. Rxe6 Bxe6 31. bxc3 Bxc4+ 32. Kg1 Bxa2 33. Ra1 Re2 34. Kf1 Rb2 0-1


[Site "https://www.chess.com"]

[Event "Titled Tuesday Blitz March 01 Late 2022"]
[White "Curtis, John"]
[Black "Toncheva, Nadya"]
[WhiteFideId "3200256"]
[BlackFideId "2924056"]
[WhiteElo "2203"]
[BlackElo "1920"]
[Result "0-1"]
[Round "03"]
[TimeControl "180+1"]
[Date "2022.03.02"]
[WhiteClock "0:00:06"]
[BlackClock "0:00:10"]

1. e4 d5 2. exd5 Qxd5 3. Nc3 Qa5 4. Bc4 Nf6 5. d3 c6 6. Bd2 Qc7 7. h3 Bf5 8. Qf3 e6 9. Nge2 Nbd7 10. Nd4 Bg6 11. Bb3 Bd6 12. O-O-O O-O-O 13. g4 Nd5 14. Ne4 Bf4 15. Bxf4 Nxf4 16. Qe3 Ne5 17. Ne2 Nxe2+ 18. Qxe2 Kb8 19. Kb1 Rd4 20. c3 Rdd8 21. d4 Nd7 22. Bc2 c5 23. Ng5 Bxc2+ 24. Qxc2 Qf4 25. Ne4 cxd4 26. Rxd4 Nb6 27. Rhd1 Rd5 28. Rxd5 Nxd5 29. Nc5 Rc8 30. Nd3 Qe4 0-1


[Site "https://www.chess.com"]

[Event "Titled Tuesday Blitz March 01 Late 2022"]
[White "Debray, Christopher"]
[Black "Wu, Sibo"]
[WhiteFideId "630810"]
[BlackFideId "8606048"]
[WhiteElo "2369"]
[BlackElo "2303"]
[Result "0-1"]
[Round "03"]
[TimeControl "180+1"]
[Date "2022.03.02"]
[WhiteClock "0:00:14"]
[BlackClock "0:00:11"]

1. d4 Nf6 2. Nf3 c5 3. c4 g6 4. g3 Bg7 5. Bg2 cxd4 6. Nxd4 O-O 7. O-O d6 8. Nc3 a6 9. Re1 Nbd7 10. e4 Ne5 11. b3 Bd7 12. Bb2 Rc8 13. Rc1 h5 14. h3 g5 15. Qd2 g4 16. h4 Ng6 17. Nf5 Bxf5 18. exf5 Ne5 19. Bxb7 Qd7 20. Bg2 Qxf5 21. Nd5 Nxd5 22. cxd5 Rxc1 23. Bxc1 Rc8 24. Qg5 Qxg5 25. Bxg5 Kf8 26. Be4 Nf3+ 27. Bxf3 gxf3 28. Rc1 Rxc1+ 29. Bxc1 Bd4 30. Kf1 Kg7 31. Be3 Bc3 32. Bg5 f6 33. Bf4 Kg6 34. Kg1 Kf5 35. Bh6 Ke5 36. Bf8 Kxd5 37. Bxe7 Ke6 38. Bd8 d5 39. Bb6 d4 40. Kh2 d3 41. Be3 d2 42. Bxd2 Bxd2 43. g4 hxg4 44. Kg3 f5 45. a4 a5 46. h5 Kf6 47. Kh4 Bg5+ 48. Kg3 Bd2 49. h6 Kg6 50. h7 Kxh7 51. Kh4 Kg6 52. Kg3 Kg5 53. Kh2 f4 0-1


[Site "https://www.chess.com"]

[Event "Titled Tuesday Blitz March 01 Late 2022"]
[White "Demchenko, Anton"]
[Black "Dobre, Claudiu-Cristian"]
[WhiteFideId "4160258"]
[BlackFideId "1211854"]
[WhiteElo "2539"]
[BlackElo "2207"]
[Result "1-0"]
[Round "03"]
[TimeControl "180+1"]
[Date "2022.03.02"]
[WhiteClock "0:01:11"]
[BlackClock "0:00:02"]

1. e4 c6 2. d4 d5 3. e5 Bf5 4. Bd3 Bxd3 5. Qxd3 e6 6. Ne2 Qa5+ 7. c3 Qa6 8. Qd1 c5 9. O-O Nd7 10. Nd2 Ne7 11. Nf3 Nc6 12. a3 Be7 13. Ng3 O-O 14. h4 Kh8 15. Be3 cxd4 16. cxd4 Rac8 17. Nh5 Na5 18. Bg5 f6 19. exf6 gxf6 20. Bh6 Rg8 21. Re1 Rg6 22. Bd2 Bd6 23. Bxa5 Qxa5 24. Rxe6 Bb8 25. Qe2 Qc7 26. Re1 Rcg8 27. g3 Rh6 28. Re8 Nf8 29. Nh2 a6 30. Kh1 Ba7 31. Ng4 Rhg6 32. Ngxf6 1-0


[Site "https://www.chess.com"]

[Event "Titled Tuesday Blitz March 01 Late 2022"]
[White "Demidov, Mikhail"]
[Black "Yuan, Qingyu"]
[WhiteFideId "4197143"]
[BlackFideId "8609772"]
[WhiteElo "2525"]
[BlackElo "2359"]
[Result "1/2-1/2"]
[Round "03"]
[TimeControl "180+1"]
[Date "2022.03.01"]
[WhiteClock "0:01:29"]
[BlackClock "0:00:34"]

1. Nf3 Nf6 2. g3 g6 3. b3 Bg7 4. Bb2 b6 5. Bg2 Bb7 6. O-O O-O 7. c4 c5 8. Nc3 d5 9. Nxd5 Nxd5 10. Bxg7 Kxg7 11. cxd5 Qxd5 12. d4 cxd4 13. Qxd4+ Qxd4 14. Nxd4 Bxg2 15. Kxg2 Na6 16. Rfd1 Rfc8 17. Rac1 Kf8 18. Nb5 Rxc1 19. Rxc1 Nc5 20. b4 Ne6 21. Nc7 Nxc7 22. Rxc7 a5 23. b5 Rd8 24. Rb7 Rd6 25. e4 f6 26. Kf3 Rd2 27. Rxb6 Rxa2 28. Ra6 a4 29. Ke3 Rb2 30. Rxa4 Rxb5 31. h4 Kf7 32. Rd4 Rb3+ 33. Ke2 Rb2+ 34. Kf3 Rb3+ 35. Ke2 Rb2+ 36. Ke3 Rb3+ 37. Rd3 Rb2 38. Ra3 Rb7 39. Kf4 h5 40. Rd3 Rb4 41. Ke3 Ra4 42. Rc3 Rb4 43. Ra3 Rc4 44. Kd3 Rb4 45. Ke3 Rc4 46. Ra5 Rb4 47. Rd5 Rb3+ 48. Rd3 Rb2 49. Kf3 Ra2 50. Re3 Rb2 51. Ra3 Rc2 52. Rb3 Ra2 53. Rc3 Rb2 54. Rd3 Ra2 55. Re3 Rc2 56. Rd3 Ra2 1/2-1/2


[Site "https://www.chess.com"]

[Event "Titled Tuesday Blitz March 01 Late 2022"]
[White "Derraugh, Geordie"]
[Black "Kim, Sergey"]
[WhiteFideId "2603950"]
[BlackFideId "13700570"]
[WhiteElo "2116"]
[BlackElo "2623"]
[Result "1-0"]
[Round "03"]
[TimeControl "180+1"]
[Date "2022.03.02"]
[WhiteClock "0:00:07"]
[BlackClock "0:00:28"]

1. e4 e5 2. Nf3 Nc6 3. d4 exd4 4. Bc4 Nf6 5. e5 d5 6. Bb5 Ne4 7. Nxd4 Bc5 8. Bxc6+ bxc6 9. Be3 O-O 10. O-O Bxd4 11. Bxd4 c5 12. Be3 d4 13. Bc1 Bb7 14. f3 Ng5 15. Nd2 f5 16. exf6 Qxf6 17. Qe2 Kh8 18. Nc4 Rae8 19. Qd3 Ne6 20. Bd2 Nf4 21. Bxf4 Qxf4 22. Qa3 Bd5 23. Qxc5 c6 24. Rae1 h6 25. Ne5 Kh7 26. Nxc6 Qg5 27. Nxd4 Rc8 28. Qe7 Qg6 29. Qe5 Ba8 30. c3 Rce8 31. Qg3 Qd3 32. Qf2 Qg6 33. Rxe8 Rxe8 34. Re1 Rf8 35. Qc2 a5 36. Qxg6+ Kxg6 37. Re5 a4 38. Ra5 Re8 39. Kf2 Bb7 40. Rxa4 Bd5 41. Ra6+ Kh7 42. Ra4 Rc8 43. Rb4 Bxa2 44. Ke3 Bb1 45. Kd2 Bg6 46. Rb7 Re8 47. b4 h5 48. b5 Ra8 49. Ke3 Ra3 50. Rc7 Ra2 51. Ne6 Rxg2 52. Rxg7+ Kh6 53. Rc7 Rb2 54. c4 Rxh2 55. Rc6 Be8 56. Nf4+ Bxc6 57. bxc6 Ra2 58. c7 Ra8 59. Nd5 Rc8 60. Kf4 Kg7 61. Kg5 Kf7 62. Kxh5 Ke6 63. Kg5 Kd6 64. f4 Rg8+ 65. Kf5 Kd7 66. Ke5 Re8+ 67. Kd4 Rf8 68. Kc5 Rh8 69. Kb6 Rg8 70. Kb7 Rh8 71. Nb6+ Kd6 72. c8=Q 1-0


[Site "https://www.chess.com"]

[Event "Titled Tuesday Blitz March 01 Late 2022"]
[White "Djokic, Mihailo"]
[Black "Rangel, Daniel"]
[WhiteFideId "976440"]
[BlackFideId "2124475"]
[WhiteElo "2008"]
[BlackElo "2187"]
[Result "0-1"]
[Round "03"]
[TimeControl "180+1"]
[Date "2022.03.02"]
[WhiteClock "0:00:01"]
[BlackClock "0:00:08"]

1. e4 c6 2. d4 d5 3. e5 c5 4. dxc5 e6 5. Nf3 Bxc5 6. Bd3 Ne7 7. Nbd2 Ng6 8. Nb3 Bb6 9. O-O Nc6 10. Re1 O-O 11. Be3 Bxe3 12. Rxe3 Qb6 13. h4 Re8 14. h5 Nf8 15. c3 a5 16. h6 g6 17. Nfd4 a4 18. Qf3 Qd8 19. Nxc6 bxc6 20. Nd4 Bd7 21. Qf4 Rb8 22. b3 c5 23. Nf3 Qe7 24. Ng5 axb3 25. axb3 Rxb3 26. Rf3 Rxc3 27. Ra7 c4 28. Be2 Rxf3 29. Bxf3 Rc8 30. Kh2 c3 31. Ra1 Rc4 32. Qc1 Rh4+ 33. Kg1 Rc4 34. Ra3 c2 35. Ra2 Qc5 36. Be2 Rc3 37. Nf3 d4 38. Ne1 Qxe5 39. Rxc2 Bc6 40. Bf3 Rxc2 41. Nxc2 Bxf3 42. gxf3 d3 43. Nb4 Qd4 44. Qd2 e5 45. Nxd3 Ne6 46. Qc2 f5 47. Qc8+ Kf7 48. Qb7+ Kf6 49. Qb3 Kg5 50. Qxe6 Qxd3 51. Qxe5 Kxh6 52. Qh2+ Kg7 53. Qg3 Qd1+ 54. Kg2 Qd7 55. f4 Qc6+ 56. Kh2 Qe6 57. Qc3+ Qf6 58. Qc7+ Kh6 59. Qc4 Qh4+ 60. Kg2 Qg4+ 61. Kf1 Qd1+ 62. Kg2 Qg4+ 63. Kh1 Qh3+ 64. Kg1 Qf3 65. Qd4 Kh5 66. Qd7 h6 67. Qd6 Qg4+ 68. Kf1 Qh3+ 69. Ke1 Qh1+ 70. Kd2 Qe4 71. Qc7 Qf3 72. Ke1 Qe4+ 73. Kf1 Qh1+ 74. Ke2 Qh3 75. Qe5 Qg4+ 76. Ke3 g5 77. Qe8+ Kh4 78. fxg5 hxg5 79. Qh8+ Qh5 80. Qa8 f4+ 81. Kd2 Qg4 82. Qh8+ Qh5 83. Qa8 f3 84. Qc8 Qg4 85. Qh8+ Qh5 86. Qd8 Kh3 87. Qd7+ g4 88. Qe6 Qg5+ 89. Kd1 Qh4 90. Ke1 Kg2 91. Qe3 Qh1+ 92. Kd2 Qf1 93. Qf4 Qxf2+ 94. Kd3 g3 95. Qh4 Qe2+ 96. Kc3 f2 97. Qf4 Qf3+ 98. Qxf3+ Kxf3 0-1


[Site "https://www.chess.com"]

[Event "Titled Tuesday Blitz March 01 Late 2022"]
[White "Domingo Nunez, Alejandro"]
[Black "Cardoso Cardoso, Jose Gabriel"]
[WhiteFideId "22245561"]
[BlackFideId "4430492"]
[WhiteElo "2215"]
[BlackElo "2451"]
[Result "0-1"]
[Round "03"]
[TimeControl "180+1"]
[Date "2022.03.01"]
[WhiteClock "0:00:01"]
[BlackClock "0:00:02"]

1. c4 g6 2. Nc3 Bg7 3. g3 Nf6 4. Bg2 O-O 5. b3 c6 6. Bb2 d5 7. Nf3 d4 8. Nb1 c5 9. O-O Nc6 10. e3 Nd7 11. exd4 cxd4 12. Na3 Nc5 13. d3 Bf5 14. Ne1 e5 15. Nac2 a5 16. Ba3 Qb6 17. Rb1 Nb4 18. Qd2 Nxa2 19. Nxd4 exd4 20. Qxa2 Rfe8 21. Bxc5 Qxc5 22. Bxb7 Rab8 23. Bd5 Bh3 24. Ng2 Bh6 25. Rfe1 Qb4 26. Qa1 Qc3 27. Rxe8+ Rxe8 28. Qa4 Re2 29. Qc6 Qxd3 30. Ra1 Qd2 31. Qa8+ Kg7 32. Qxa5 Rxf2 33. Qxd2 Rxd2 34. c5 Rc2 35. b4 d3 36. Be4 Rc3 0-1


[Site "https://www.chess.com"]

[Event "Titled Tuesday Blitz March 01 Late 2022"]
[White "Elissalt Cardenas, Hector"]
[Black "Stanisz, Patryk"]
[WhiteFideId "3500632"]
[BlackFideId "1123106"]
[WhiteElo "2159"]
[BlackElo "1876"]
[Result "1-0"]
[Round "03"]
[TimeControl "180+1"]
[Date "2022.03.02"]
[WhiteClock "0:00:56"]
[BlackClock "0:01:42"]

1. d4 Nf6 2. c4 e6 3. Nc3 Bb4 4. Qc2 d5 5. cxd5 exd5 6. Bg5 h6 7. Bxf6 Qxf6 8. a3 Bxc3+ 9. Qxc3 c6 10. e3 O-O 11. Ne2 Re8 12. Ng3 Nd7 13. Bd3 Nf8 14. O-O Be6 15. Rac1 Rac8 16. Qc5 b6 17. Qd6 Red8 18. Qb4 c5 19. dxc5 bxc5 20. Rxc5 Rxc5 21. Qxc5 Qxb2 22. Qxa7 Qc3 23. Bb5 d4 24. exd4 Rxd4 25. Ne2 1-0


[Site "https://www.chess.com"]

[Event "Titled Tuesday Blitz March 01 Late 2022"]
[White "Estrada Nieto, Julian"]
[Black "Iskusnyh, Sergei"]
[WhiteFideId "5101018"]
[BlackFideId "4120027"]
[WhiteElo "2246"]
[BlackElo "2492"]
[Result "0-1"]
[Round "03"]
[TimeControl "180+1"]
[Date "2022.03.02"]
[WhiteClock "0:00:01"]
[BlackClock "0:00:27"]

1. e4 e6 2. d4 d5 3. Nd2 c5 4. exd5 Qxd5 5. Ngf3 cxd4 6. Bc4 Qd7 7. Nb3 Bb4+ 8. Bd2 Bxd2+ 9. Qxd2 Nc6 10. Nbxd4 Nxd4 11. Qxd4 Qxd4 12. Nxd4 Bd7 13. O-O-O O-O-O 14. Nf3 f6 15. Rd6 e5 16. Rhd1 Nh6 17. h3 Bc6 18. Be6+ Kc7 19. Rxd8 Rxd8 20. Rxd8 Kxd8 21. Ne1 Ke7 22. Bc4 Nf5 23. c3 g5 24. Bd3 e4 25. Bf1 Nh4 26. Kd2 f5 27. Nc2 Kf6 28. Nd4 Bd7 29. g3 Ng6 30. Be2 f4 31. Bf1 Ke5 32. Nc2 h5 33. Bg2 h4 34. gxh4 Nxh4 35. Bf1 Nf3+ 36. Kd1 Ng1 37. Ne1 Nxh3 38. Bxh3 Bxh3 39. Kd2 Be6 40. b3 g4 41. Nc2 e3+ 42. fxe3 f3 43. Nd4 Bd5 44. Ke1 g3 45. c4 Bc6 46. Nxc6+ bxc6 47. Kf1 Ke4 0-1


[Site "https://www.chess.com"]

[Event "Titled Tuesday Blitz March 01 Late 2022"]
[White "Fishbein, Alexander"]
[Black "Indjic, Aleksandar"]
[WhiteFideId "2000377"]
[BlackFideId "911925"]
[WhiteElo "2442"]
[BlackElo "2616"]
[Result "0-1"]
[Round "03"]
[TimeControl "180+1"]
[Date "2022.03.01"]
[WhiteClock "0:00:03"]
[BlackClock "0:00:34"]

1. e4 c6 2. d4 d5 3. Nc3 dxe4 4. Nxe4 Nf6 5. Qd3 Na6 6. c3 Qd5 7. Nxf6+ exf6 8. Nf3 Nc7 9. Be2 Bf5 10. Qe3+ Qe4 11. O-O Qxe3 12. Bxe3 O-O-O 13. a4 Bd6 14. Nd2 Nd5 15. Nc4 Bc7 16. Bd2 Rhe8 17. Rfe1 Rxe2 18. Rxe2 Bd3 19. Rae1 Bxc4 20. Re8 Kd7 21. Rxd8+ Kxd8 22. f3 a5 23. Kf2 b5 24. axb5 cxb5 25. g3 a4 26. Re4 Kd7 27. Rg4 g5 28. Re4 Bd3 29. Re1 Nb6 30. Bc1 Nc4 31. Rd1 Bg6 32. Rh1 h6 33. h4 Bb6 34. hxg5 hxg5 35. Rh8 b4 36. Ra8 a3 37. b3 Nb2 38. cxb4 Nd3+ 39. Ke3 Nxc1 40. Rxa3 Kc6 41. Kd2 Nd3 42. Kc3 Kb5 43. d5 Nxb4 44. d6 Nd5+ 45. Kd2 Kc6 46. Ra6 Kxd6 47. Ra8 f5 48. Rg8 f4 49. gxf4 Nxf4 50. Rb8 Nd5 51. Ke2 Kc5 52. Rc8+ Kb4 53. Kf1 Kxb3 54. Kg2 Kb4 55. Kg3 Bc7+ 56. Kg4 Bf5+ 57. Kxf5 Ne7+ 58. Kxg5 Nxc8 59. Kf6 Nd6 60. f4 Kc5 61. Ke7 Kd5 62. f5 Ke5 63. f6 Ba5 0-1


[Site "https://www.chess.com"]

[Event "Titled Tuesday Blitz March 01 Late 2022"]
[White "Fus, Jakub"]
[Black "Aukhatov, Roman"]
[WhiteFideId "1193023"]
[BlackFideId "44150768"]
[WhiteElo "2111"]
[BlackElo "2112"]
[Result "0-1"]
[Round "03"]
[TimeControl "180+1"]
[Date "2022.03.02"]
[WhiteClock "0:00:43"]
[BlackClock "0:01:23"]

1. Nf3 Nf6 2. c4 c5 3. Nc3 b6 4. g3 Bb7 5. Bg2 e6 6. O-O Be7 7. d4 cxd4 8. Qxd4 d6 9. Rd1 a6 10. Ng5 Bxg2 11. Kxg2 O-O 12. Qd3 h6 13. Nge4 Ne8 14. Bf4 Ra7 15. Rd2 f5 16. Nxd6 Rd7 17. Qe3 Bxd6 18. Qxe6+ Rff7 19. Rad1 Bxf4 20. Rxd7 Nxd7 21. gxf4 Qe7 22. Qd5 Nef6 23. Qa8+ Kh7 24. Qxa6 Ne4 25. Nd5 Qh4 26. f3 Qf2+ 27. Kh1 Qxe2 0-1


[Site "https://www.chess.com"]

[Event "Titled Tuesday Blitz March 01 Late 2022"]
[White "Garriga Cazorla, Pere"]
[Black "Ponkratov, Pavel"]
[WhiteFideId "32011601"]
[BlackFideId "4157800"]
[WhiteElo "2458"]
[BlackElo "2487"]
[Result "0-1"]
[Round "03"]
[TimeControl "180+1"]
[Date "2022.03.01"]
[WhiteClock "0:00:53"]
[BlackClock "0:02:31"]

1. d4 Nf6 2. c4 e6 3. Nc3 Bb4 4. Qc2 d6 5. Nf3 Nbd7 6. Bd2 c5 7. e3 O-O 8. a3 Bxc3 9. Bxc3 b6 10. Be2 Bb7 11. b4 Ne4 12. Bb2 Rc8 13. O-O Qe7 14. Rad1 f5 15. Nd2 Qg5 16. Bf3 Nxd2 17. Bxb7 Nxf1 18. Kxf1 Rc7 19. Bf3 cxb4 20. axb4 Rfc8 21. Be2 Nf6 22. Qb3 Qh4 23. Bf3 Rxc4 24. h3 d5 25. Ra1 Rc2 26. Be2 Ne4 0-1


[Site "https://www.chess.com"]

[Event "Titled Tuesday Blitz March 01 Late 2022"]
[White "Gatterer, Florian"]
[Black "Donatti, Alvaro"]
[WhiteFideId "811688"]
[BlackFideId "3000303"]
[WhiteElo "2218"]
[BlackElo "2138"]
[Result "1-0"]
[Round "03"]
[TimeControl "180+1"]
[Date "2022.03.02"]
[WhiteClock "0:00:39"]
[BlackClock "0:00:05"]

1. c4 e5 2. g3 Nf6 3. Bg2 c6 4. d4 exd4 5. Qxd4 d5 6. Nf3 Be7 7. O-O O-O 8. Nc3 dxc4 9. Qxc4 Be6 10. Qa4 Nbd7 11. Rd1 Qb6 12. h3 Nd5 13. Nxd5 Bxd5 14. Qc2 h6 15. e4 Be6 16. Nd4 Rad8 17. Be3 Qc7 18. Nxe6 fxe6 19. Rac1 Kh8 20. Qb3 e5 21. a4 Nb6 22. a5 Rxd1+ 23. Rxd1 Nc8 24. a6 b6 25. h4 c5 26. Qe6 Bf6 27. Rd7 Qb8 28. Bh3 Qa8 29. Bf5 Rg8 30. Rb7 b5 31. Rxb5 Nb6 32. Qf7 Rf8 33. Qg6 Qd8 34. Qh7# 1-0


[Site "https://www.chess.com"]

[Event "Titled Tuesday Blitz March 01 Late 2022"]
[White "Gelman, Alexander"]
[Black "Bortnyk, Olexandr"]
[WhiteFideId "4118316"]
[BlackFideId "14120828"]
[WhiteElo "2375"]
[BlackElo "2723"]
[Result "0-1"]
[Round "03"]
[TimeControl "180+1"]
[Date "2022.03.01"]
[WhiteClock "0:00:08"]
[BlackClock "0:00:02"]

1. d4 f5 2. Nc3 d5 3. Bf4 Nf6 4. Nb5 Na6 5. e3 c6 6. Nc3 Nc7 7. Nf3 g6 8. Bd3 Bg7 9. Ne2 O-O 10. O-O Ne6 11. Be5 b6 12. h3 Bb7 13. c4 Ne4 14. Bxg7 Kxg7 15. cxd5 cxd5 16. Rc1 Qd6 17. Ne5 f4 18. exf4 Nxf4 19. Nxf4 Rxf4 20. Bxe4 dxe4 21. Qd2 Raf8 22. Qe3 Bd5 23. b3 a5 24. Rc2 h5 25. Rfc1 R8f6 26. Rd2 Qd8 27. Qg3 Qd6 28. Rc8 e3 29. Qxe3 Re4 30. Qg3 h4 31. Qc3 Re1+ 32. Kh2 Qe6 33. Rc7 Rf4 34. f3 Rf5 35. Rf2 Rb1 36. Qc2 Ra1 37. Qb2 Rd1 38. Qc2 Rxd4 39. Qc3 Qxe5+ 40. f4 Qf6 41. Rxe7+ Qxe7 42. Qxd4+ Qf6 43. Qe3 Qd6 44. Rd2 Qf6 45. Rc2 Rxf4 46. Rc7+ Bf7 47. Qe7 Qxe7 0-1


[Site "https://www.chess.com"]

[Event "Titled Tuesday Blitz March 01 Late 2022"]
[White "Gledura, Benjamin"]
[Black "Kollars, Dmitrij"]
[WhiteFideId "712779"]
[BlackFideId "12909572"]
[WhiteElo "2326"]
[BlackElo "2584"]
[Result "1-0"]
[Round "03"]
[TimeControl "180+1"]
[Date "2022.03.01"]
[WhiteClock "0:00:05"]
[BlackClock "0:00:06"]

1. Nf3 d5 2. e3 Nf6 3. g3 c5 4. Bg2 Nc6 5. d4 Bf5 6. O-O e6 7. b3 cxd4 8. exd4 Be7 9. Bb2 O-O 10. Nbd2 h6 11. Re1 Rc8 12. a3 b5 13. c3 a5 14. b4 a4 15. Bf1 Qb6 16. Qe2 Na7 17. Ne5 Rc7 18. Nd3 Bxd3 19. Qxd3 Ne8 20. Re3 Nd6 21. Rae1 Qc6 22. h4 Nac8 23. Rf3 Nb6 24. Kh2 Rfc8 25. Qb1 Qd7 26. Bd3 Nbc4 27. Nxc4 Nxc4 28. Bc1 Bf8 29. Qc2 Rc6 30. Qe2 Nd6 31. Bxb5 Nxb5 32. Qxb5 R6c7 33. Qxd7 Rxd7 34. Bd2 h5 35. Kg2 g6 36. Kf1 Rc4 37. Ke2 Rdc7 38. Rd3 Bd6 39. Kd1 Kg7 40. Kc2 Rb7 41. Rg1 Rc8 42. g4 hxg4 43. Rxg4 Rh8 44. Bf4 Be7 45. Rh3 Rh5 46. Bg5 f6 47. Bd2 f5 48. Rg2 Bxh4 49. Bf4 Kf7 50. Rgh2 Bf6 51. Rxh5 gxh5 52. Rxh5 Kg6 53. Rh6+ Kg7 54. Rh3 Kg6 55. Rg3+ Kf7 56. Be5 Rd7 57. f4 Rd8 58. Bxf6 Kxf6 59. c4 dxc4 60. Kc3 Rc8 61. b5 Ke7 62. Rg7+ Kd6 63. b6 Rb8 64. b7 Kd5 65. Re7 Kd6 66. Rf7 Kd5 67. Rh7 Rg8 68. Rc7 Rb8 69. Rc5+ Kd6 70. Rb5 Kc6 71. Kxc4 Kc7 72. Kc5 Kd7 73. Kb6 Rd8 74. Ka7 Kc6 75. Rc5+ Kd6 76. b8=Q+ Rxb8 77. Kxb8 e5 78. Rxe5 1-0


[Site "https://www.chess.com"]

[Event "Titled Tuesday Blitz March 01 Late 2022"]
[White "Golubovskis, Maksims"]
[Black "Hardaway, Brewington"]
[WhiteFideId "11608528"]
[BlackFideId "30941849"]
[WhiteElo "2066"]
[BlackElo "1768"]
[Result "1-0"]
[Round "03"]
[TimeControl "180+1"]
[Date "2022.03.02"]
[WhiteClock "0:00:05"]
[BlackClock "0:00:18"]

1. c4 Nf6 2. g3 g6 3. Bg2 Bg7 4. Nc3 O-O 5. Nf3 d6 6. O-O c5 7. e4 Nc6 8. d4 cxd4 9. Nxd4 Bg4 10. f3 Nxd4 11. Qxd4 Be6 12. Qd3 Rc8 13. b3 b5 14. Nxb5 Nxe4 15. Rb1 Nc5 16. Qe2 Bf5 17. Bg5 Bxb1 18. Rxb1 Ne6 19. Be3 a6 20. Na7 Rc7 21. f4 Nd4 22. Qd3 e5 23. Bxd4 exd4 24. Nc6 Qf6 25. Re1 h5 26. Nb4 Rc5 27. Nd5 Qd8 28. b4 Rxd5 29. Bxd5 Kh8 30. Kg2 a5 31. a3 axb4 32. axb4 Qb6 33. b5 Qa5 34. Re2 Bf6 35. f5 Kg7 36. fxg6 fxg6 37. Re6 Qa2+ 38. Re2 Qa5 39. Be4 Be5 40. Bxg6 Qa1 41. Rf2 Rxf2+ 42. Kxf2 Qb2+ 43. Kg1 Qc1+ 44. Kg2 h4 45. gxh4 Qf4 46. h5 Qxh2+ 47. Kf3 Qg3+ 48. Ke4 Qg2+ 49. Qf3 Qc2+ 50. Kd5 Qa4 51. Qf7+ Kh6 52. Qf8+ Kg5 53. Qf5+ Kh6 54. Qf8+ Kg5 55. Qe7+ Kf4 56. Qh4+ Ke3 57. Qe4+ Kd2 58. Qd3+ Ke1 59. Qb1+ Kf2 60. Qc2+ Kg3 61. Qxa4 d3 62. b6 d2 63. Qd1 Kh4 64. b7 Kg5 65. b8=Q Kh6 66. Qxd6 Bf6 67. Qf4+ Bg5 68. Qxg5+ Kg7 69. Bf5+ Kh8 70. Qf6+ Kg8 71. Qg1# 1-0


[Site "https://www.chess.com"]

[Event "Titled Tuesday Blitz March 01 Late 2022"]
[White "Golubovskis, Maksims"]
[Black "Tomiello, Mateus Costamilan"]
[WhiteFideId "11608528"]
[BlackFideId "22701958"]
[WhiteElo "2066"]
[BlackElo "1975"]
[Result "0-1"]
[Round "03"]
[TimeControl "180+1"]
[Date "2022.03.02"]
[WhiteClock "0:01:21"]
[BlackClock "0:02:09"]

1. e4 e5 2. Nf3 Nc6 3. d4 exd4 4. Nxd4 Nf6 5. Nxc6 bxc6 6. e5 Qe7 7. Qe2 Nd5 8. c4 Ba6 9. h4 f6 10. exf6 Nxf6 11. Nc3 Qxe2+ 12. Bxe2 Bb4 13. Bd2 O-O 14. O-O-O Rfe8 15. Bd3 Ng4 16. Rhf1 Ne5 17. Be2 Nxc4 18. Bxc4+ Bxc4 19. Bf4 Bxf1 20. Rxf1 Bxc3 21. bxc3 Rac8 22. Rd1 d5 23. Rd4 Re7 24. Ra4 Re4 25. Rxe4 dxe4 26. Kd2 Rd8+ 27. Ke3 Rd3+ 28. Kxe4 Rxc3 29. Bxc7 Ra3 30. Bd6 Rxa2 31. Bc5 a5 32. Kd3 a4 33. Kc3 Kf7 34. g4 g6 35. g5 Ke6 36. Bd4 Kd5 37. Bg7 Rxf2 38. Kb4 Rf4+ 39. Ka3 Rxh4 0-1


[Site "https://www.chess.com"]

[Event "Titled Tuesday Blitz March 01 Late 2022"]
[White "Grigorov, Grigor"]
[Black "Song, Michael"]
[WhiteFideId "2907313"]
[BlackFideId "2613190"]
[WhiteElo "2510"]
[BlackElo "2274"]
[Result "1-0"]
[Round "03"]
[TimeControl "180+1"]
[Date "2022.03.02"]
[WhiteClock "0:01:23"]
[BlackClock "0:01:19"]

1. d4 f5 2. Bf4 d6 3. e3 Nf6 4. Nc3 g6 5. h4 h6 6. Qf3 c6 7. e4 fxe4 8. Nxe4 Nxe4 9. Qxe4 Bf5 10. Qe2 Qd7 11. O-O-O Na6 12. Qd2 Nc7 13. Bd3 Bxd3 14. Qxd3 Qf5 15. Ne2 Qxd3 16. Rxd3 Kf7 17. Rf3 Ke8 18. Re1 Kd7 19. Bd2 Bg7 20. Nf4 g5 21. Ng6 Rhe8 22. hxg5 hxg5 23. Bxg5 Bxd4 24. Bxe7 Nd5 25. Rf7 Nxe7 26. Rexe7+ Rxe7 27. Rxe7+ Kd8 28. f4 Rb8 29. g4 1-0


[Site "https://www.chess.com"]